 Dungeon Crawl Stone Soup version 0.24-a0-441-g27f0392e16 (webtiles) character file.

Game seed: 4534918072662933958

37863 KristoblXynda the Carver (level 13, -8/114 HPs)
             Began as a Purple Draconian Gladiator on June 20, 2019.
             Was an Initiate of Gozag.
             Killed by divine providence
             ... invoked by an orc high priest
              (12 damage)
             ... on level 1 of the Orcish Mines.
             The game lasted 00:47:05 (22984 turns).

KristoblXynda the Carver (DrGl)                    Turns: 22984, Time: 00:47:06

Health: -8/114     AC: 17    Str: 17    XL:     13   Next: 60%
Magic:  22/22      EV: 17    Int: 13    God:    Gozag
Gold:   2363       SH: 20    Dex: 13    Spells: 22/24 levels left

rFire    . . .     SeeInvis .   I - +1 scimitar (freeze)
rCold    . . .     Gourm    .   s - +2 shield {rPois}
rNeg     . . .     Faith    .   (armour unavailable)
rPois    +         Spirit   .   b - +1 hat
rElec    .         Reflect  +   p - +2 cloak {rPois}
rCorr    .         Harm     .   a - +0 pair of gloves
MR       +....                  M - +1 pair of boots {Stlth+}
Stlth    ++........             q - +6 amulet of reflection
HPRegen  0.29/turn              J - +4 ring of slaying
MPRegen  0.18/turn              G - +2 ring of protection

@: very slightly contaminated, studying Shields
A: breathe power, unfitting armour, cold-blooded, AC +8
a: Breathe Dispelling Energy, Potion Petition, Call Merchant, Bribe Branch,
Renounce Religion


You were on level 1 of the Orcish Mines.
You worshipped Gozag.
Gozag was most pleased with you.
You were not hungry.

You visited 5 branches of the dungeon, and saw 21 of its levels.
You also visited: Ossuary.

You collected 4994 gold pieces.
You spent 2593 gold pieces at shops.
You paid 38 gold pieces to Gozag.

Inventory:

Hand Weapons
 I - a +1 scimitar of freezing (weapon)
Missiles
 c - 9 throwing nets
 B - 16 javelins (quivered)
Armour
 a - a +0 pair of gloves (worn)
 b - a +1 hat (worn)
 p - a +2 cloak of poison resistance (worn)
 s - a +2 shield of poison resistance (worn)
 M - a +1 pair of boots of stealth (worn)
Jewellery
 h - an uncursed amulet of magic regeneration
 q - a +6 amulet of reflection (around neck)
 G - a +2 ring of protection (right hand)
 J - a +4 ring of slaying (left hand)
Wands
 D - a wand of flame (2)
Scrolls
 g - 8 scrolls of teleportation
 t - a scroll of magic mapping
 u - 3 scrolls of blinking
 w - 6 scrolls of identify
 y - 9 scrolls of remove curse
 E - a scroll of fog
 H - 2 scrolls of fear
Potions
 f - 5 potions of flight
 j - 3 potions of agility
 k - 2 potions of magic
 n - 3 potions of might
 o - 3 potions of ambrosia
 r - a potion of brilliance
 v - 2 potions of mutation
 x - 4 potions of haste
 z - a potion of invisibility
 A - a potion of curing
 C - a potion of lignification
Books
 O - a manual of Shields
Miscellaneous
 l - a crystal ball of energy
 F - a fan of gales (inert)
Comestibles
 d - 19 rations


   Skills:
 - Level 10.3 Fighting
 + Level 12.8 Long Blades
 - Level 3.0 Throwing
 - Level 10.0 Dodging
 + Level 11.4 Shields
 + Level 6.4 Spellcasting
 + Level 3.7 Translocations
 - Level 10.0 Evocations


You had 22 spell levels left.
You knew the following spells:

 Your Spells              Type           Power        Failure   Level  Hunger
a - Blink                 Tloc           N/A          9%          2    #......

Your spell library contained the following spells:

 Spells                   Type           Power        Failure   Level  Hunger
 Gell's Gravitas          Tloc           ##........   16%         3    ###....
 Lesser Beckoning         Tloc           ##........   16%         3    ###....
 Magic Dart               Conj           #...         26%         1    None
 Sting                    Conj/Pois      #...         26%         1    None
 Summon Small Mammal      Summ           #...         26%         1    None
 Call Imp                 Summ           #.......     36%         2    #......
 Poisonous Vapours        Pois/Air       #.....       36%         2    #......
 Slow                     Hex            #.......     36%         2    #......
 Call Canine Familiar     Summ           #.......     58%         3    ###....
 Conjure Flame            Conj/Fire      #.......     58%         3    ###....
 Mephitic Cloud           Conj/Pois/Air  #.......     58%         3    ###....
 Summon Guardian Golem    Hex/Summ       #.......     58%         3    ###....
 Olgreb's Toxic Radiance  Pois           #.......     94%         4    ####...
 Summon Ice Beast         Ice/Summ       #.......     94%         4    ####...
 Summon Lightning Spire   Summ/Air       #.......     94%         4    ####...
 Venom Bolt               Conj/Pois      #.........   100%        5    ######.
 Controlled Blink         Tloc           N/A          100%        8    #######


Dungeon Overview and Level Annotations

Branches:
Dungeon (14/15)            Temple (1/1) D:5            Lair (3/6) D:10
 Shoals (1/4) Lair:2       Spider (0/4) Lair:3          Orc (2/2) D:10
    Elf: Orc:2       Vaults: D:13-14

Altars:
Ashenzari
Cheibriados
Dithmenos
Elyvilon
Fedhas
Gozag
Hepliaklqana
Kikubaaqudgha
Makhleb
Nemelex Xobeh
Okawaru
Qazlal
Ru
Sif Muna
Trog
Uskayaw
Vehumet
Wu Jian
Xom
Yredelemnul
Zin
The Shining One
Beogh

Shops:
D:7 (   D:8 *   D:10 [

Annotations:
D:14 Frances
Lair:3 Rupert
Orc:2 3 runed translucent doors, Ratty's ghost, journeyman DEFE


Innate Abilities, Weirdness & Mutations

You can breathe bolts of dispelling energy.
Your rich purple scales are hard. (AC +8)
You cannot fit into any form of body armour.
You are cold-blooded and may be slowed by cold attacks.


Message History

The orc priest invokes the aid of Beogh against you.
Beogh smites you!
* * * LOW HITPOINT WARNING * * *
Evoke which item? (* to show all) (? for menu, Esc to quit)
That is presently inert.
Unknown command.
Blink to where?
Press: ? - help, Dir - move target cursor You are very lightly contaminated with residual magic.
As you read the scroll of blinking, it crumbles to dust.
Evoke which item? (* to show all) (? for menu, Esc to quit)
Aiming: Throw Flame
Press: ? - help, Shift-Dir - straight line, f - orc high priest
Aim: an orc high priest, wielding a +2 trident of protection (translocational energy, heavily wounded)
The puff of flame misses the orc high priest.
Items here: ( )))))))))) [[[[[[[[[ The orc high priest mumbles some strange prayers to Beogh against you.
Beogh smites you!
You die...
Your body crumbles into a pile of gold.

#............#.3.#............#
#..........).#.o.#............#
#..........).'...'.)..........#
#/(..........#...#............#
#............#.).#........../.#
##############...##############
#..)# ##)## ###@##### #.).....#
##......## #...#...#
##.##...### ### #...#..##.#
#... ##.#......### ###..#
####.....#.###.#..##
##.......##.....#


You could see an orc high priest.

Vanquished Creatures
  2 orc warlords
  An ettin (Orc:1)
  4 hydras
  Fannar (Lair:2)
  A centaur warrior (D:13)
  A tengu warrior (D:13)
  A glowing orange brain (D:11)
  3 orc knights (Orc:1)
  2 deep elf magi (D:13)
  3 ugly things
  A cyclops (D:13)
  2 orc sorcerers
  A black mamba (Lair:1)
  A merfolk siren (Lair:2)
  A gargoyle (D:10)
  2 centaur skeletons (D:13)
  4 spiny frogs
  A kobold demonologist (D:13)
  2 komodo dragons (Lair:2)
  4 trolls
  3 hornets
  3 merfolk (Lair:2)
  4 blink frogs (Lair:2)
  5 hippogriffs
  2 redbacks (Lair:3)
  A wraith (D:13)
  A wyvern (D:11)
  18 yaks
  A hungry ghost (D:8)
  A basilisk (Lair:1)
  6 wargs
  A soldier ant (D:12)
  An acid dragon (shapeshifter) (D:10)
  5 water moccasins
  5 porcupines
  An eye of draining (D:13)
  3 ice beasts
  A hornet zombie (Ossuary)
  2 necrophages
  38 orc warriors
  4 black bears
  A sky beast (D:5)
  A phantom (D:6)
  18 ogres
  5 centaurs
  5 wolves (Lair:1)
  6 crocodiles
  2 big kobolds
  7 bullfrogs
  A gnoll sergeant (D:12)
  A water moccasin zombie (Ossuary)
  2 wyvern skeletons
  4 scorpions
  12 killer bees
  4 wights (D:8)
  7 electric eels
  A howler monkey (D:4)
  6 crimson imps
  10 bullfrog zombies
  4 quasits
  2 centaur zombies (Ossuary)
  2 gnoll shamans
  8 hounds
  2 jellies
  Crazy Yiuf (D:2)
  8 orc priests
  A bullfrog skeleton (D:5)
  20 orc wizards
  6 iguanas
  8 worker ants
  Terence (D:2)
  A hound zombie (D:10)
  2 hound skeletons
  17 mummies (Ossuary)
  A howler monkey zombie (D:8)
  6 worker ant zombies
  11 adders
  12 gnolls
  6 shadow imps
  4 adder zombies (Ossuary)
  2 adder skeletons
  3 worms
  2 dart slugs
  8 leopard geckos
  65 orcs
  5 giant cockroaches
  2 gnoll zombies (D:4)
  3 goblins (D:2)
  5 hobgoblins
  4 jackals
  7 quokkas
  A ball python (D:3)
  11 bats
  5 frilled lizards
  19 kobolds
  2 leopard gecko zombies (Ossuary)
  9 rats
  A fungus (Lair:2)
514 creatures vanquished.

Vanquished Creatures (others)
  2 centaurs
  2 orcs
  10 plants
  A withered plant (Ossuary)
15 creatures vanquished.

Grand Total: 529 creatures vanquished

Notes
Turn   | Place    | Note
-------+----------+-------------------------------------------
     0 | D:1      | KristoblXynda the Draconian Gladiator began the quest for
                  | the Orb.
     0 | D:1      | Reached XP level 1. HP: 17/17 MP: 1/1
   112 | D:1      | Reached XP level 2. HP: 25/25 MP: 2/2
   823 | D:2      | Reached XP level 3. HP: 19/30 MP: 3/3
  1256 | D:2      | Reached skill level 4 in Long Blades
  1256 | D:2      | Reached XP level 4. HP: 33/38 MP: 4/4
  1271 | D:2      | Found an ornate altar of the Wu Jian Council.
  1271 | D:2      | Found a stormy altar of Qazlal.
  1537 | D:2      | Noticed Terence
  1554 | D:2      | Killed Terence
  1820 | D:2      | Found a runed translucent door.
  1821 | D:2      | Noticed Crazy Yiuf
  1881 | D:2      | Killed Crazy Yiuf
  1923 | D:3      | Reached XP level 5. HP: 45/45 MP: 5/5
  2151 | D:3      | Found an opulent altar of Gozag.
  2178 | D:3      | Became a worshipper of Gozag Ym Sagoz the Greedy
  2899 | D:4      | Noticed a hippogriff
  2914 | D:4      | HP: 2/46 [hippogriff (4)]
  2920 | D:4      | Killed a hippogriff
  2920 | D:4      | Reached skill level 5 in Long Blades
  2920 | D:4      | Reached XP level 6. HP: 12/52 MP: 6/6
  3245 | D:4      | Found a basalt altar of Yredelemnul.
  3297 | D:4      | Reached skill level 6 in Long Blades
  3297 | D:4      | Your scales start taking on a rich purple colour.
  3297 | D:4      | Reached XP level 7. HP: 60/60 MP: 7/7
  3880 | D:5      | Entered Level 5 of the Dungeon
  3917 | D:5      | Reached skill level 5 in Fighting
  3956 | D:5      | Found a sand-covered staircase.
  3973 | Ossuary  | Entered an ossuary
  4011 | Ossuary  | Reached skill level 7 in Long Blades
  4052 | Ossuary  | Reached skill level 5 in Dodging
  4054 | Ossuary  | Reached XP level 8. HP: 34/69 MP: 8/8
  4098 | Ossuary  | Reached skill level 1 in Evocations
  4763 | D:5      | Found a staircase to the Ecumenical Temple.
  4771 | Temple   | Entered the Ecumenical Temple
  5047 | D:5      | Found a shadowy altar of Dithmenos.
  5381 | D:5      | Reached skill level 8 in Long Blades
  5755 | D:6      | Reached XP level 9. HP: 75/78 MP: 11/11
  6160 | D:6      | Found a hazy altar of Hepliaklqana.
  6356 | D:7      | Found Uboggepn's Antique Weapon Shop.
  6735 | D:7      | Found an iron altar of Okawaru.
  7216 | D:8      | Reached skill level 5 in Evocations
  7531 | D:8      | Found Sufot's Superlative Supplies.
  7565 | D:8      | Reached skill level 9 in Long Blades
  8032 | D:8      | Reached XP level 10. HP: 80/88 MP: 14/14
  8168 | D:8      | Found a hide-covered altar of Uskayaw.
  8808 | D:9      | Found a bloodstained altar of Trog.
  9147 | D:9      | Found a shattered altar of Ashenzari.
  9384 | D:10     | Entered Level 10 of the Dungeon
  9399 | D:10     | Found Unokhlai's Antique Armour Boutique.
  9404 | D:10     | Bought a buckler for 144 gold pieces
  9513 | D:10     | Reached skill level 1 in Shields
  9528 | D:10     | Noticed a gargoyle
  9864 | D:10     | Killed a gargoyle
  9906 | D:10     | Found a staircase to the Orcish Mines.
 10561 | D:10     | Reached skill level 10 in Long Blades
 10572 | D:10     | Found a staircase to the Lair.
 10580 | D:10     | Noticed a fire crab
 10580 | D:10     | a komodo dragon changed into a fire crab
 10587 | D:10     | a fire crab changed into a shapeshifter
 11214 | D:10     | Found a runed translucent door.
 11215 | D:10     | Noticed a red ugly thing
 11633 | D:11     | Reached XP level 11. HP: 93/97 MP: 15/15
 12085 | D:11     | You fall into a shaft and drop 1 floor!
 12410 | D:12     | Noticed a six-headed hydra
 12924 | D:11     | Noticed a two-headed ogre
 12948 | D:11     | Noticed a glowing orange brain
 12948 | D:11     | a two-headed ogre changed into a glowing orange brain
 12963 | D:11     | Killed a glowing orange brain
 13193 | D:11     | Learned a level 2 spell: Blink
 13644 | D:8      | Bought a manual of Shields for 1435 gold pieces
 13670 | D:11     | Identified a scroll of acquirement
 13896 | D:12     | Reached skill level 10 in Fighting
 14126 | D:12     | Noticed a red ugly thing
 14816 | D:13     | Noticed a phantasmal warrior
 14817 | D:13     | Found a hazy altar of Hepliaklqana.
 15041 | D:13     | Noticed a deep elf mage
 15082 | D:13     | Killed a deep elf mage
 15495 | D:13     | Identified the Tome of the Ninety-Nine Lies
 15536 | D:13     | Noticed a centaur warrior
 15548 | D:13     | Killed a centaur warrior
 15548 | D:13     | Reached skill level 11 in Long Blades
 15548 | D:13     | Reached skill level 5 in Shields
 15958 | D:13     | Noticed a tengu warrior
 15967 | D:13     | Noticed a deep elf mage
 15985 | D:13     | Killed a tengu warrior
 15988 | D:13     | Killed a deep elf mage
 16228 | D:13     | Reached XP level 12. HP: 107/107 MP: 17/17
 16305 | D:14     | Noticed Frances
 16405 | D:14     | HP: 4/107 [centaur/arrow (4)]
 17066 | D:13     | Noticed a death knight
 17184 | D:12     | Killed a six-headed hydra
 18017 | Lair:1   | Entered Level 1 of the Lair of Beasts
 18060 | D:8      | Bought a +4 ring of slaying for 1014 gold pieces
 18425 | Lair:1   | Noticed a four-headed hydra
 18460 | Lair:1   | Reached skill level 10 in Dodging
 18711 | Lair:1   | Reached skill level 1 in Spellcasting
 18761 | Lair:1   | Noticed a seven-headed hydra
 18857 | Lair:1   | Killed a five-headed hydra
 19042 | Lair:1   | Killed a seven-headed hydra
 19344 | Lair:2   | Reached skill level 12 in Long Blades
 19432 | Lair:2   | Found a staircase to the Shoals.
 19591 | Lair:2   | Noticed Fannar
 19729 | Lair:2   | Noticed a seven-headed hydra
 19752 | Lair:2   | Killed a seven-headed hydra
 19996 | Lair:2   | Reached XP level 13. HP: 114/114 MP: 20/20
 20180 | Lair:2   | Killed Fannar
 20572 | Shoals:1 | Entered Level 1 of the Shoals
 20572 | Shoals:1 | Noticed a merfolk impaler
 20746 | Lair:3   | Reached skill level 10 in Shields
 20782 | Lair:3   | Found a hole to the Spider Nest.
 20804 | Lair:3   | Reached skill level 10 in Evocations
 20820 | Lair:3   | Noticed Rupert
 20946 | Orc:1    | Entered Level 1 of the Orcish Mines
 21254 | Orc:1    | Noticed an ettin
 21271 | Orc:1    | Killed an ettin
 21271 | Orc:1    | Reached skill level 1 in Translocations
 21287 | Orc:1    | Reached skill level 5 in Spellcasting
 21493 | Orc:2    | Entered Level 2 of the Orcish Mines
 21493 | Orc:2    | Found a runed translucent gate.
 21493 | Orc:2    | Found a runed translucent gate.
 21493 | Orc:2    | Found a runed translucent gate.
 21495 | Orc:2    | Noticed Ratty's ghost (journeyman DEFE)
 21586 | Orc:2    | Noticed an orc warlord
 21875 | Orc:2    | Killed an orc warlord
 22331 | Orc:2    | Noticed an orc warlord
 22359 | Orc:1    | Found a roughly hewn altar of Beogh.
 22458 | Orc:1    | Noticed an orc warlord
 22491 | Orc:1    | Killed an orc warlord
 22945 | Orc:1    | Found a roughly hewn altar of Beogh.
 22980 | Orc:1    | HP: 3/114 [orc priest/divine providence (16)]
 22984 | Orc:1    | Killed from afar by an orc high priest

Levels and vault maps discovered:
D:1:      minmay_arrival_arboretum_small, layout_loops_ring, minmay_domino_2
D:2:      layout_basic, chequers_temple_overflow_statue_of_worship,
          minmay_misc_feat_cross, uniq_crazy_yiuf_cottage, uniq_terence
D:3:      layout_basic, grunt_gozag_breadcrumbs
D:4:      layout_basic, lemuel_zombie_altar_yredelemnul, first_ration
D:5:      layout_basic, nicolae_dithmenos_the_darkroom,
          minmay_temple_entry_hall, nicolae_ossuary_entry_plus,
          skrybe_limestone_x, amethyst_killhole
D:6:      layout_basic, kennysheep_little_box
D:7:      layout_rooms, okawaru_trees_2, serial_shops, shop
D:8:      nicolae_whirlpool, layout_basic, kennysheep_mini_moat,
          grunt_ogre_cave, nicolae_alphabet_shops
D:9:      layout_basic, ashenzari_conservatory_becter, grunt_ministairs_7,
          minivault_4, trog_three_pillars_becter
D:10:     layout_loops_ring, david_lair_shrubbed, david_orc_3, serial_shops,
          shop, minmay_st_funbox
D:11:     kennysheep_blocky_hall, layout_irregular_city, serial_park_tiny_2,
          chequers_serial_rivers_micro_d
D:12:     layout_stronghold, corexii_leaking_fountain
D:13:     layout_basic, basic_altar, kennysheep_small_circle
D:14:     layout_cave_pools, erik_vaults_2, chequers_serial_rivers_micro_d,
          serial_shops, shop_fountains, shop,
          nicolae_shop_temple_entry_statues_fountains,
          nicolae_shop_behind_doors, shop, uniq_frances
Temple:   eino_narrow_crystal_temple
Lair:1:   layout_long_grid
Lair:2:   layout_concentric_octagons, elwin_shoals_entry_stream,
          serial_bayou_shore_b, grunt_megastairs_1, uniq_fannar
Lair:3:   layout_regular_city, spider_nest_entry_webs, kennysheep_rathole,
          lemuel_fruit_fields, serial_bayou_shore_a, minmay_lair_oklob_chamber,
          uniq_urug, uniq_rupert
Shoals:1: layout_shoals, uniq_jorgrun
Orc:1:    orc_temple, layout_diamond_mine, basic_altar, nooodl_orcs_dogs
Orc:2:    grunt_orc_cross, layout_diamond_mine, gammafunk_ghost_split,
          nicolae_orc_flooded_monolith

Skill      XL: |  1  2  3  4  5  6  7  8  9 10 11 12 13 |
---------------+----------------------------------------+-----
Throwing       | 2 3 |  3.0
Dodging        | 3 4 5 6 7 8 9 10 | 10.0
Fighting       | 3 4 5 6 8 9 10 | 10.3
Long Blades    | 4 5 6 7 8 9 10 11 12 | 12.8
Evocations     | 3 5 6 7 9 10 | 10.0
Shields        | 3 6 9 11 | 11.4
Spellcasting   | 4 6 |  6.4
Translocations | 3 |  3.7

Action                   |  1- 3 |  4- 6 |  7- 9 | 10-12 | 13-15 || total
-------------------------+-------+-------+-------+-------+-------++-------
Melee: Long sword        |    62 |   123 |   493 |   232 |       ||   910
       Tailslap          |     6 |    20 |    89 |   175 |    66 ||   356
       Scimitar          |       |       |       |   797 |   379 ||  1176
Throw: Throwing net      |       |     1 |       |       |       ||     1
       Javelin           |       |       |    11 |    43 |     3 ||    57
 Abil: Breathe Dispellin |       |       |    16 |     8 |     3 ||    27
Evoke: Wand              |       |     8 |     1 |    35 |     9 ||    53
       Fan of gales      |       |       |       |       |     1 ||     1
  Use: Scroll            |     3 |     1 |    15 |    25 |     3 ||    47
       Potion            |     1 |     1 |     3 |     6 |     8 ||    19
 Stab: Sleeping          |     1 |     2 |     1 |     5 |     5 ||    14
       Distracted        |       |       |     1 |     6 |     1 ||     8
  Eat: Chunk             |     1 |     1 |       |       |       ||     2
       Ration            |       |     2 |     6 |    12 |     3 ||    23
Armor: Skin              |    26 |    45 |   120 |   273 |    31 ||   495
Dodge: Dodged            |    75 |   105 |   312 |   607 |    62 ||  1161
Block: Buckler           |       |       |       |   249 |       ||   249
       Reflection        |       |       |       |    25 |     2 ||    27
       Shield            |       |       |       |   319 |   234 ||   553
       Rpst.: Long sword |    22 |    31 |   104 |    48 |       ||   205
       Scimitar          |       |       |       |    96 |    10 ||   106

Table legend:
 A = Non-vault XP
 B = Vault XP
 C = Vault XP percentage of total XP
 D = Non-vault monster count
 E = Vault monster count
 F = Vault count percentage of total count
                 A         B        C        D         E       F
            +---------+---------+-------+---------+---------+-------
      Total |   39785 |   14305 |  26.4 |     401 |     115 |  22.3
            +---------+---------+-------+---------+---------+-------
        D:1 |      30 |       3 |   9.1 |      18 |       2 |  10.0
        D:2 |      86 |      74 |  46.2 |      22 |       2 |   8.3
        D:3 |      71 |       0 |   0.0 |      25 |       0 |   0.0
        D:4 |     662 |       4 |   0.6 |      11 |       2 |  15.4
        D:5 |     843 |       0 |   0.0 |      23 |       0 |   0.0
        D:6 |     363 |       0 |   0.0 |       5 |       0 |   0.0
        D:7 |     506 |       0 |   0.0 |      13 |       0 |   0.0
        D:8 |    1874 |     234 |  11.1 |      38 |       2 |   5.0
        D:9 |    1777 |     154 |   8.0 |      29 |       2 |   6.5
       D:10 |    2841 |    1508 |  34.7 |      43 |      17 |  28.3
       D:11 |    1187 |     885 |  42.7 |      14 |       4 |  22.2
       D:12 |    3631 |       0 |   0.0 |      21 |       0 |   0.0
       D:13 |    7249 |     317 |   4.2 |      41 |       3 |   6.8
       D:14 |    1000 |       0 |   0.0 |       4 |       0 |   0.0
     Lair:1 |    5938 |       0 |   0.0 |      22 |       0 |   0.0
     Lair:2 |    4275 |    2734 |  39.0 |      15 |       7 |  31.8
     Lair:3 |     561 |     454 |  44.7 |       4 |       2 |  33.3
      Orc:1 |    2866 |    6800 |  70.3 |      26 |      37 |  58.7
      Orc:2 |    4025 |     141 |   3.4 |      27 |       1 |   3.6
    Ossuary |       0 |     997 | 100.0 |       0 |      34 | 100.0
            +---------+---------+-------+---------+---------+-------
